 Dungeon Crawl Stone Soup version 0.22-a0-147-gfdd7f25 (webtiles) character file.

21 4thArraOfDagon the Gusty (level 2, -2/13 HPs)
             Began as a Spriggan Air Elementalist on Feb 6, 2018.
             Slain by a leopard gecko (3 damage)
             ... on level 2 of the Dungeon.
             The game lasted 00:02:46 (532 turns).

4thArraOfDagon the Gusty (Spriggan Air Elementalist) Turns: 532, Time: 00:02:47

Health: -2/13      AC:  2    Str:  4    XL:     2   Next: 62%
Magic:  1/6        EV: 18    Int: 16    God:
Gold:   23         SH:  0    Dex: 16    Spells: 5/6 levels left

rFire    . . .     SeeInvis +   g - +0 short sword
rCold    . . .     Gourm    .   (shield restricted)
rNeg     . . .     Faith    .   a - +0 robe
rPois    .         Spirit   .   (helmet restricted)
rElec    .         Reflect  .   (no cloak)
rCorr    +         Harm     .   (gloves unavailable)
MR       .....                  (boots unavailable)
Stlth    ++........             (no amulet)
HPRegen  0.04/turn              j - ring of resist corrosion (curse)
MPRegen  0.10/turn              (no ring)

@: very quick
A: very small, unfitting armour, see invisible, herbivore, speed 3, slow
metabolism 2
a: no special abilities


You were on level 2 of the Dungeon.
You were not hungry.

You visited 1 branch of the dungeon, and saw 3 of its levels.

You collected 23 gold pieces.

Inventory:

Hand Weapons
 g - a +0 short sword (weapon)
Armour
 a - a +0 robe (worn)
Jewellery
 j - a cursed ring of resist corrosion (left hand)
Scrolls
 d - a scroll of immolation {unknown}
 e - a scroll of teleportation {unknown}
 f - a scroll of enchant armour {unknown}
 i - a scroll of remove curse {unknown}
Potions
 h - a potion of curing
Books
 b - a book of Air

   Spells                             Type                      Level
   a - Shock                          Conjuration/Air              1
   b - Swiftness                      Charms/Air                   2
   c - Static Discharge               Conjuration/Air              3
   d - Airstrike                      Air                          4
   e - Lightning Bolt                 Conjuration/Air              5
Comestibles
 c - 3 rations


   Skills:
 - Level 3.0 Dodging
 - Level 3.0 Stealth
 + Level 2.9 Spellcasting
 - Level 0.6 Conjurations
 * Level 3.5 Air Magic


You had 5 spell levels left.
You knew the following spells:

 Your Spells              Type           Power        Failure   Level  Hunger
a - Shock                 Conj/Air       #...         9%          1    #......


Dungeon Overview and Level Annotations

Branches:
Dungeon (3/15)

Altars:
Elyvilon

Annotations:
D:2 Jessica, Sigmund


Innate Abilities, Weirdness & Mutations

You are very small and have problems with some larger weapons.
You are too small for most types of armour.
You have supernaturally acute eyesight. (SInv)
You are a herbivore.
You cover ground extremely quickly.
You need consume almost no food.


Message History

Aiming: Shock (safe; 9% risk of failure)
Press: ? - help, Shift-Dir - straight line, f/p - Jessica
Aim: Jessica, wielding a club and wearing a robe (heavily wounded, fast)
The zap hits Jessica.
Jessica is heavily wounded.
The leopard gecko bites you. Jessica misses you.
Unknown command.
Casting: Shock (safe; 9% risk of failure)
Confirm with . or Enter, or press ? or * to list all spells.
Aiming: Shock (safe; 9% risk of failure)
Press: ? - help, Shift-Dir - straight line, f/p - Jessica
Aim: Jessica, wielding a club and wearing a robe (heavily wounded, fast)
The zap hits Jessica.
Jessica is severely wounded.
The leopard gecko barely misses you. Jessica gestures at you while chanting.
Pain shoots through your body!
* * * LOW HITPOINT WARNING * * *
The leopard gecko bites you.
You die...

.... #.#.##.# ...######
#.#..#.# #.....# #.#..#.#
####.....#######.#..#.########
.............@.†..........(...
.#######.l######.#..#.########
#..# #.#............ #.g#
#l###..######## #.l# #@# #..#
#..# #@# #..# ###..#### #.#
##.## #.@.....# #.#
#..########## #.#.#.#.# #.#
#.>†......... ...@).....# #.#
############# .....#.#.#.# #.#
###......... #.# ....#.#.#..#


You could see Jessica and a leopard gecko.

Vanquished Creatures
  An adder (D:2)
  A hobgoblin (D:1)
  3 kobolds
  A quokka (D:2)
  3 bats (D:1)
  3 goblins
12 creatures vanquished.

Notes
Turn   | Place    | Note
-------+----------+-------------------------------------------
     0 | D:1      | 4thArraOfDagon the Spriggan Air Elementalist began the quest for the Orb.
     0 | D:1      | Reached XP level 1. HP: 9/9 MP: 5/5
   174 | D:1      | Reached XP level 2. HP: 13/13 MP: 0/6
   243 | D:2      | Found a white marble altar of Elyvilon.
   404 | D:2      | Noticed Sigmund
   454 | D:2      | Noticed Jessica
   532 | D:2      | Slain by a leopard gecko

Vault maps used:
D:1:      dpeg_arrival_tiny_d, kennysheep_crisscross, minmay_lizard_pond
D:2:      lemuel_doored_altar, serial_glass, glass_columns_c, glass_columns_b,
          glass_columns_b, glass_columns_b, glass_columns_b, glass_columns_b,
          item_on_display_a, uniq_jessica, uniq_sigmund
D:3:      portal_sewer_entry_e, st_stairs_6, goddamned_bats, uniq_ijyb,
          uniq_natasha

Skill      XL: |  1 |
---------------+----+-----
Air Magic      | 3 |  3.5
Dodging        | |  3.0
Stealth        | |  3.0
Spellcasting   | |  2.9
Conjurations   | |  0.6

Action                   || total
-------------------------++-------
Melee: Short sword       ||    10
 Cast: Shock             ||    26
  Use: Scroll            ||     1
 Stab: Sleeping          ||     1
Armor: Robe              ||     3
Dodge: Dodged            ||    19

Table legend:
 A = Spawn XP
 B = Non-spawn XP
 C = Spawn XP percentage of total XP
 D = Spawn monster count
 E = Non-spawn monster count
 F = Spawn count percentage of total count
 G = Total turns spent on level
                    A         B        C        D         E        F      G
               +---------+---------+-------+---------+---------+-------+---------
         Total |       0 |      30 |   0.0 |       0 |      12 |   0.0 |   532
               +---------+---------+-------+---------+---------+-------+---------
           D:1 |       0 |      12 |   0.0 |       0 |       8 |   0.0 |   228
           D:2 |       0 |      18 |   0.0 |       0 |       4 |   0.0 |   297
               +---------+---------+-------+---------+---------+-------+---------
